 Dungeon Crawl Stone Soup version 0.29-a0-303-ge4682ce883 (webtiles) character file.

Game seed: 4640419209603207948

74 Dabor the Chopper (level 4, -8/41 HPs)
             Began as a Hill Orc Monk on Mar 24, 2022.
             Mangled by Robin
             ... wielding a +8 spear of venom
              (10 damage)
             ... on level 2 of the Dungeon.
             The game lasted 00:02:20 (2286 turns).

Dabor the Chopper (Hill Orc Monk)                   Turns: 2286, Time: 00:02:21

Health: -8/41      AC:  2    Str: 14 (15) XL:     4   Next: 30%
Magic:  4/4        EV: 12    Int:  9 (10) God:
Gold:   40         SH:  0    Dex: 11 (13) Spells: 3/3 levels left

rFire   . . .      SeeInvis .   a - +0 hand axe
rCold   . . .      Faith    .   (no shield)
rNeg    . . .      Spirit   .   b - +0 robe
rPois   .          Reflect  .   (no helmet)
rElec   .          Harm     .   (no cloak)
rCorr   .          Rampage  .   (no gloves)
Will    .....                   (no boots)
Stlth   +.........              (no amulet)
HPRegen 0.13/turn               (no ring)
MPRegen 0.09/turn               (no ring)

@: confused, lethally poisoned (-8 -> -29), ambrosia-drunk, hasted, very quick
A: no striking features
a: no special abilities


You were on level 2 of the Dungeon.
You visited 1 branch of the dungeon, and saw 2 of its levels.

You collected 40 gold pieces.

Inventory:

Hand Weapons
 a - a +0 hand axe (weapon)
Armour
 b - a +0 robe (worn)
Jewellery
 m - a +4 ring of protection
Scrolls
 d - 2 scrolls of fear {unknown}
 f - 2 scrolls of blinking {unknown}
 g - 2 scrolls of enchant armour {unknown}
 o - a scroll of enchant weapon {unknown}
Potions
 e - a potion of might {unknown}
 h - a potion of haste
 i - a potion of attraction {unknown}
 j - 2 potions of degeneration
 k - 3 potions of curing {unknown}
 l - a potion of brilliance {unknown}
 n - a potion of heal wounds {unknown}


   Skills:
 + Level 4.3 Fighting
 + Level 4.8 Axes
 + Level 1.3 Armour
 + Level 2.9 Dodging
 - Level 1.8 Stealth


You had 3 spell levels left.
You didn't know any spells.
Your spell library contained the following spells:

 Spells                   Type           Power      Damage    Failure   Level
 Pain                     Necr           0%         1d4       38%         1
 Agony                    Necr           0%         N/A       100%        5
 Excruciating Wounds      Necr           0%         N/A       100%        5


Dungeon Overview and Level Annotations

Branches:
Dungeon (2/15)

Altars:

Shops:
D:1 !

Annotations:
D:2 Robin


Message History

The goblin barely misses you.
The goblin hits you with a +0 dagger of venom.
You are poisoned.
The goblin hits you with a +0 club.
You bump into the rock wall.
You feel sick.
The goblin no longer looks unusually strong.
Robin roars a battlecry!
The goblins go into a battle-frenzy!
The goblin hits you with a +0 dagger.
The goblin hits you with a +0 dagger of venom.
You are lethally poisoned!
The goblin hits you with a +0 club.
* * * LOW HITPOINT WARNING * * *
You completely miss the goblin. You closely miss the goblin.
You hit the goblin.
* * * LOW HITPOINT WARNING * * *
You feel very sick.
The goblin hits you with a +0 dagger of venom.
* * * LOW HITPOINT WARNING * * *
You are more poisoned.
The goblin hits you with a +0 club.
* * * LOW HITPOINT WARNING * * *
The goblin barely misses you.
It was a potion of haste.
You feel yourself speed up.
* * * LOW HITPOINT WARNING * * *
You feel very sick. Robin closely misses you.
The goblin hits you with a +0 dagger of venom.
* * * LOW HITPOINT WARNING * * *
The goblin barely misses you. x2
It was a potion of degeneration.
There was something very wrong with that liquid.
You feel weakened.
You feel dopey.
You feel clumsy.
* * * LOW HITPOINT WARNING * * *
You feel sick.
The goblin hits you with a +0 dagger of venom.
* * * LOW HITPOINT WARNING * * *
You are more poisoned.
Robin hits you from afar with a +8 spear of venom!
You die...

##.......# #....>...###
#.##.#
#........######.#......#
#.....
#...............#.#.##.#
###...
#........########.#.##.#
.. ........## #.#.##.#
#.##...### #.#....#
#...#.## ...
#.####.#######. ###.###
.....###g# #.#.......
#.# ....ggg@g#
#......... ###.#
.....##### #.#.......
#...# ... #.#######.
#.### # #####.# #.#
#.....# #.# #.#####
#.#### #.###### .....#
##########......# #.##.#
#...........###....


You could see Robin, a hobgoblin (strong) and 3 goblins.

Vanquished Creatures
  2 adders (D:2)
  3 dart slugs
  6 ball pythons (D:1)
  6 bats
  5 endoplasms (D:1)
  4 giant cockroaches
  2 hobgoblins (D:1)
  2 quokkas
  2 frilled lizards (D:1)
  8 goblins
  5 kobolds
  5 rats
50 creatures vanquished.

Vanquished Creatures (others)
  A fungus (D:1)
  3 plants (D:1)
4 creatures vanquished.

Grand Total: 54 creatures vanquished

Notes
Turn   | Place    | Note
-------+----------+-------------------------------------------
     0 | D:1      | Dabor the Hill Orc Monk began the quest for the Orb.
     0 | D:1      | Reached XP level 1. HP: 19/19 MP: 1/1
   133 | D:1      | Reached XP level 2. HP: 27/27 MP: 2/2
   450 | D:1      | Reached XP level 3. HP: 15/33 MP: 3/3
   884 | D:1      | Found Orghobos's Distillery.
   922 | D:1      | Found a faded altar of an unknown god.
  1534 | D:2      | Reached skill level 1 in Armour
  2028 | D:2      | Reached XP level 4. HP: 35/40 MP: 4/4
  2264 | D:2      | Noticed Robin
  2286 | D:2      | HP: 2/41 [goblin/+0 dagger of venom[Robin] (2)]
  2286 | D:2      | Mangled by Robin

Illustrated notes

Levels and vault maps discovered:
D:1:      saegor_arrival_simple_b, layout_basic,
          shapermc_ecumenical_altar_mp_ritualfount, serial_shops, shop,
          minmay_shallow_snake_nest
D:2:      layout_loops_cross, kennysheep_potato, uniq_robin

Skill      XL: |  1  2  3 |
---------------+----------+-----
Fighting       | 4 |  4.3
Armour         | 1 |  1.3
Axes           | |  4.8
Dodging        | |  2.9
Stealth        | |  1.8

Action                   |  1- 3 |  4- 6 || total
-------------------------+-------+-------++-------
Melee: Hand axe          |   128 |    23 ||   151
  Use: Potion            |       |     3 ||     3
 Stab: Sleeping          |     5 |       ||     5
Armor: Robe              |    20 |     7 ||    27
Dodge: Dodged            |    95 |    20 ||   115

Table legend: (Time is in decaauts)
 A = Elapsed time spent in this place.
 B = Non-inter-level travel time spent in this place.
 C = Inter-level travel time spent in this place.
 D = Time resting spent in this place.
 E = Time spent auto-exploring this place.
 F = Levels seen in this place.
 G = Mean time per level.
                   A        B        C        D        E       F      G
               +--------+--------+--------+--------+--------+-----+--------+
         Total |   2298 |   2268 |     30 |      0 |   1933 |   2 | 1149.0 |
       Dungeon |   2298 |   2268 |     30 |      0 |   1933 |   2 | 1149.0 |
               +--------+--------+--------+--------+--------+-----+--------+

Top non-repeatable levels by time:
     D:1: 1534 daAuts
     D:2: 764 daAuts
